AoeStats
← C₅H₈NO₄Na

Arabia

508408141Analyzed
1v1 RM · 11d ago on Sep 22, 2026· 37m 1s· 2 players
Game mode
Random Map
Map size
Tiny (2 player)
Population
200
Speed
Normal
Resources
Standard
Victory
Conquest
Starting age
Dark Age
Ending age
Imperial Age
RankedLock teamsTeams togetherTeam positionsShared explorationLock speedFull tech treeHidden civsTurbo modeCheats
Victory
Defeat
🇧🇷 Mongols · Brazil
1051
+15
🇷🇴 Teutons · Romania
1036
-15
C₅H₈NO₄Na
7:57 Loom
10:02 Feudal Age
13:15 Town Watch
16:35 Castle Age
15:10 Horse Collar
15:17 Double-Bit Axe
24:01 Heavy Plow
24:51 Forging
25:04 Bloodlines
26:58 Bow Saw
26:47 Gold Mining
29:29 Scale Barding Armor
29:59 Iron Casting
34:21 Atonement
36:30 Chain Barding Armor
bastos021
7:13 Loom
9:26 Feudal Age
10:26 Double-Bit Axe
13:26 Horse Collar
19:48 Castle Age
20:32 Pikeman
22:20 Forging
24:40 Bloodlines
26:47 Wheelbarrow
30:12 Husbandry
30:08 Gold Mining
31:52 Light Cavalry
35:52 Scale Barding Armor
36:16 Scale Mail Armor
Connection lost

Rejoining the realm…

Still unreachable

The connection could not be restored.

Session expired

The server has moved on; the page needs a fresh start.